 Dungeon Crawl Stone Soup version 0.21.1-1-g345015f (webtiles) character file.

780 Monsterracer the Chopper (level 7, 0/62 HPs)
             Began as a Hill Orc Wizard on Feb 12, 2018.
             Slain by a wight
             ... wielding a cursed +3 halberd of freezing
              (5 damage)
             ... in an ossuary.
             The game lasted 00:06:52 (5540 turns).

Monsterracer the Chopper (Hill Orc Wizard)          Turns: 5540, Time: 00:06:52

Health: 0/62       AC: 18    Str: 12    XL:     7   Next: 85%
Magic:  10/10      EV: 10    Int: 18    God:
Gold:   334        SH:  0    Dex:  9    Spells: 10/10 levels left

rFire    . . .     SeeInvis .   a - +0 hand axe
rCold    . . .     Gourm    .   (no shield)
rNeg     . . .     Faith    +   m - +3 ring mail
rPois    .         Spirit   .   e - +2 helmet
rElec    .         Reflect  .   (no cloak)
rCorr    .         Harm     .   q - +1 pair of gloves
MR       .....                  k - +2 pair of boots
Stlth    ..........             j - amulet of faith
HPRegen  0.20/turn              v - +2 ring of protection
MPRegen  0.12/turn              (no ring)

@: heavily drained
A: no striking features
a: no special abilities


You were in an ossuary.
You were very hungry.

You visited 1 branch of the dungeon, and saw 6 of its levels.
You also visited: Ossuary.

You collected 334 gold pieces.

Inventory:

Hand Weapons
 a - a +0 hand axe (weapon)
 b - a +3 dagger of venom
Armour
 e - a +2 helmet (worn)
 i - a +0 chain mail
 k - a +2 pair of boots (worn)
 m - a +3 ring mail (worn)
 q - a +1 pair of gloves (worn)
Jewellery
 j - an amulet of faith (around neck)
 o - an uncursed ring of ice
 v - a +2 ring of protection (left hand)
Wands
 l - a wand of iceblast (23)
 p - a wand of disintegration (7)
Scrolls
 f - a scroll of remove curse
 r - a scroll of enchant weapon
Potions
 d - 2 potions of curing
 g - a potion of might
 h - 3 potions of heal wounds
 n - a potion of mutation {!q}
 s - a potion of lignification {unknown}
Comestibles
 c - 9 rations


   Skills:
 + Level 5.8(3.8) Fighting
 * Level 7.1(4.9) Axes
 + Level 2.8(1.0) Armour
 + Level 2.5(0.7) Dodging
 - Level 1.5(0.0) Stealth
 - Level 2.4(0.5) Spellcasting
   Level 1.0(0.0) Conjurations
   Level 1.0(0.0) Summonings
   Level 0.7(0.0) Translocations


You had 10 spell levels left.
You didn't know any spells.

Dungeon Overview and Level Annotations

Branches:
Dungeon (6/15)
 Temple: D:4-7

Altars:
Elyvilon
Gozag
Kikubaaqudgha
Vehumet

Shops:
D:5 (


Message History

a dire flail; a robe; Health restored: 62 You open the door.
A wight comes into view. It is wielding a halberd of freezing.
The wight closely misses you.
There is an open door here.
A wight is nearby!
You hit the wight but do no damage. The wight hits you but does no damage.
You hit the wight.
The wight is lightly damaged.
The wight hits you with a halberd of freezing.
You feel drained. The wight freezes you.
You take 10 damage, and have 52/62 hp.
You closely miss the wight.
The wight is lightly damaged.
The wight hits you with a halberd of freezing!
The wight freezes you.
You take 9 damage, and have 43/62 hp.
You are too injured to fight recklessly!
You are too injured to fight recklessly!
You are too injured to fight recklessly!
You hit the wight but do no damage.
The wight is lightly damaged.
The wight hits you with a halberd of freezing.
You feel drained. The wight freezes you.
You take 5 damage, and have 38/62 hp.
Your ring mail prevents you from hitting the wight.
The wight is lightly damaged.
The wight hits you with a halberd of freezing.
The wight freezes you.
You take 6 damage, and have 32/62 hp.
You hit the wight but do no damage.
The wight is lightly damaged.
You hit the wight but do no damage.
The wight is lightly damaged.
The wight hits you with a halberd of freezing.
* * * LOW HITPOINT WARNING * * *
You feel drained.
* * * LOW HITPOINT WARNING * * *
The wight freezes you.
* * * LOW HITPOINT WARNING * * *
You take 6 damage, and have 27/62 hp.
You hit the wight but do no damage.
The wight is lightly damaged.
The wight barely misses you.
You barely miss the wight.
The wight is lightly damaged.
The wight closely misses you.
You hit the wight but do no damage.
The wight is lightly damaged.
The wight closely misses you.
Unknown command.
You barely miss the wight.
The wight is lightly damaged.
The wight hits you but does no damage.
You hit the wight but do no damage.
The wight is lightly damaged.
You hit the wight but do no damage.
The wight is lightly damaged.
The wight hits you but does no damage.
Unknown command.
You hit the wight.
The wight is lightly damaged.
The wight hits you but does no damage.
You hit the wight but do no damage.
The wight is lightly damaged.
The wight closely misses you.
You hit the wight but do no damage.
The wight is lightly damaged.
The wight hits you with a halberd of freezing.
* * * LOW HITPOINT WARNING * * *
You feel drained.
* * * LOW HITPOINT WARNING * * *
The wight freezes you.
* * * LOW HITPOINT WARNING * * *
You take 7 damage, and have 21/62 hp.
You hit the wight.
The wight is moderately damaged.
The wight hits you but does no damage.
You hit the wight.
The wight is heavily damaged.
You hit the wight.
The wight is severely damaged.
The wight hits you but does no damage.
You hit the wight.
The wight is severely damaged.
The wight hits you but does no damage.
You hit the wight but do no damage.
The wight is severely damaged.
The wight closely misses you.
You hit the wight but do no damage.
The wight is severely damaged.
The wight hits you but does no damage.
You completely miss the wight.
The wight is severely damaged.
The wight hits you with a halberd of freezing!
* * * LOW HITPOINT WARNING * * *
You feel drained.
* * * LOW HITPOINT WARNING * * *
The wight freezes you.
You die...

#
##...##
###'###
#)'.'.#
###.###
#.'.'.#
###.###
#.).'.#
###.###
+.@z#
#.###
+.+ #.#
#+#


You could see a wight.

Vanquished Creatures
  A necrophage (D:6)
  A centaur (D:6)
  2 bullfrogs (D:6)
  A scorpion (D:4)
  2 wights (Ossuary)
  3 crimson imps
  An orc priest (D:5)
  An orc wizard (D:5)
  A bullfrog skeleton (D:6)
  Jessica (D:2)
  A hound skeleton (D:4)
  5 adders
  2 oozes
  An adder zombie (Ossuary)
  2 adder skeletons (D:4)
  3 worms
  4 leopard geckos
  6 orcs
  4 bats
  A giant cockroach (D:4)
  6 goblins
  4 hobgoblins
  3 jackals (D:4)
  4 kobolds
  3 quokkas
  A ball python skeleton (Ossuary)
  3 frilled lizards
  A leopard gecko skeleton (D:4)
  2 orc skeletons (Ossuary)
  4 rats
  A fungus (D:5)
75 creatures vanquished.

Notes
Turn   | Place    | Note
-------+----------+-------------------------------------------
     0 | D:1      | Monsterracer the Hill Orc Wizard began the quest for the Orb.
     0 | D:1      | Reached XP level 1. HP: 14/14 MP: 3/3
    86 | D:1      | Reached skill level 1 in Fighting
   137 | D:1      | Reached XP level 2. HP: 14/24 MP: 0/5
   773 | D:2      | Found an opulent altar of Gozag.
   901 | D:2      | Noticed Jessica
   912 | D:2      | Killed Jessica
   912 | D:2      | Reached XP level 3. HP: 29/33 MP: 0/6
  1228 | D:2      | Reached XP level 4. HP: 40/40 MP: 2/7
  2183 | D:3      | HP: 19/41 [poisoned by a kobold]
  2194 | D:3      | HP: 20/41 [poisoned by a kobold]
  2199 | D:3      | HP: 19/41 [poisoned by a kobold]
  2206 | D:3      | HP: 18/41 [poisoned by a kobold]
  2214 | D:3      | HP: 17/41 [poisoned by a kobold]
  2702 | D:3      | Reached skill level 1 in Armour
  2911 | D:4      | Reached skill level 1 in Axes
  2911 | D:4      | Reached XP level 5. HP: 41/47 MP: 8/8
  3128 | D:4      | Reached skill level 2 in Axes
  3173 | D:4      | Reached skill level 3 in Axes
  3421 | D:4      | Found an ancient bone altar of Kikubaaqudgha.
  3422 | D:4      | Found a radiant altar of Vehumet.
  3425 | D:4      | Found a white marble altar of Elyvilon.
  4168 | D:5      | Entered Level 5 of the Dungeon
  4177 | D:5      | Reached skill level 4 in Axes
  4216 | D:5      | Reached XP level 6. HP: 55/55 MP: 9/9
  4217 | D:5      | Found Lilesar's Antique Weapon Shop.
  4319 | D:5      | Reached skill level 5 in Axes
  4447 | D:5      | Reached skill level 5 in Fighting
  4450 | D:5      | HP: 22/56 [orc priest/divine providence (12)]
  5001 | D:6      | HP: 27/56 [bullfrog (5)]
  5006 | D:6      | HP: 21/56 [bullfrog (1)]
  5011 | D:6      | Reached XP level 7. HP: 24/61 MP: 10/10
  5038 | D:6      | HP: 25/61 [bullfrog (4)]
  5043 | D:6      | Reached skill level 6 in Axes
  5044 | D:6      | HP: 25/61 [bullfrog skeleton (1)]
  5049 | D:6      | HP: 21/61 [bullfrog skeleton (5)]
  5056 | D:6      | HP: 18/60 [necrophage (2)]
  5108 | D:6      | HP: 28/61 [centaur/arrow (5)]
  5116 | D:6      | HP: 27/61 [centaur (2)]
  5122 | D:6      | Found a sand-covered staircase.
  5276 | Ossuary  | Entered an ossuary
  5501 | Ossuary  | Reached skill level 7 in Axes
  5524 | Ossuary  | HP: 30/62 [wight/halberd of freezing (3)]
  5533 | Ossuary  | HP: 24/62 [wight/halberd of freezing (5)]
  5540 | Ossuary  | HP: 10/62 [wight/halberd of freezing (12)]
  5540 | Ossuary  | Slain by a wight

Skill      XL: |  1  2  3  4  5  6  7 |
---------------+----------------------+-----
Fighting       | 2 3 4 5 |  5.8
Armour         | 1 2 |  2.8
Axes           | 1 4 5 7 |  7.1
Dodging        | 2 |  2.5
Stealth        | |  1.5
Spellcasting   | |  2.4
Conjurations   | |  1.0
Summonings     | |  1.0
Translocations | |  0.7

Action                   |  1- 3 |  4- 6 |  7- 9 || total
-------------------------+-------+-------+-------++-------
Melee: Dagger            |    44 |   193 |     8 ||   245
       Unarmed           |     3 |       |       ||     3
       Hand axe          |       |    46 |    89 ||   135
 Cast: Magic Dart        |    42 |    25 |       ||    67
  Use: Scroll            |       |    14 |       ||    14
       Potion            |       |     1 |     1 ||     2
  Eat: Chunk             |       |    13 |     1 ||    14
Armor: Robe              |     6 |       |       ||     6
       Ring mail         |    32 |   140 |    47 ||   219
Dodge: Dodged            |    61 |   114 |    33 ||   208

Vault maps used:
D:1:      giann_bridges
D:2:      grunt_gozag_statues, uniq_jessica
D:3:      nrook_mini_backslash
D:4:      gammafunk_temple_overflow_claw, first_ration
D:5:      serial_shops, shop, minmay_gold_behind_fungi
D:6:      minmay_temple_entry_overgrown, lightli_ossuary_entry_decrepit_ruins,
          uniq_edmund
Ossuary:  ossuary_due_cavern
